 Dungeon Crawl Stone Soup version 0.31-a0-331-geda263fcf1 (webtiles) character file.

Game seed: 13037345316615625003

10311 peeeep the Fighter (level 11, -7/105 HPs)
             Began as a Minotaur Berserker on July 20, 2023.
             Was an Elder of Trog.
             Mangled by a minotaur
             ... wielding a +1 hand axe of pain
              (18 damage)
             ... in a Gauntlet.
             The game lasted 00:22:37 (9337 turns).

peeeep the Fighter (Minotaur Berserker)             Turns: 9337, Time: 00:22:38

Health: -7/105     AC: 21    Str: 26    XL:     11   Next: 34%
Magic:  10/10      EV:  8    Int:  7    God:    Trog [****..]
Gold:   583        SH:  7    Dex:  5    Spells: 10/10 levels left

rFire   + . .        C - +11 war axe "Haklyp" {flame, rPois rF+ rN+}
rCold   . . .        x - +0 kite shield
rNeg    + + +        i - +3 chain mail
rPois   +            (helmet restricted)
rElec   .            E - +5 cloak of the Powerful God {rN+ Int+3 Dex-5}
rCorr   .            (no gloves)
SInv    .            (no boots)
Will    +....        D - amulet of the acrobat Stlth
                     e - ring of positive energy
HPRegen 0.37/turn    b - ring of willpower
MPRegen 0.12/turn

%: no teleportation, acrobat
@: no status effects
A: horns 2, retaliatory headbutt
a: Renounce Religion, Berserk, Trog's Hand, Brothers in Arms


You were in a Gauntlet.
You worshipped Trog.
Trog was greatly pleased with you.
You visited 2 branches of the dungeon, and saw 12 of its levels.
You also visited: Gauntlet.

You collected 583 gold pieces.

Inventory:

Hand Weapons
 m - the +11 hammer of Entrepreneurial Spirit {protect, rElec rF+ Str+2}
   (You found it on level 2 of the Dungeon)

   Str:       It affects your strength (+2).
   rF:        It protects you from fire.
   rElec:     It insulates you from electricity.
 C - the +11 war axe "Haklyp" (weapon) {flame, rPois rF+ rN+}
   (You found it on level 10 of the Dungeon)

   rF:        It protects you from fire.
   rPois:     It protects you from poison.
   rN:        It protects you from negative energy.
Missiles
 h - a throwing net
Armour
 i - a +3 chain mail (worn)
 l - the +1 cloak "Isomodad" {*Slow rC+ Stlth+}
   (You found it in a Gauntlet)

   rC:        It protects you from cold.
   *Slow:     It may slow you when you take damage.
   Stlth:     It makes you more stealthy.
 x - a +0 kite shield (worn)
 E - the +5 cloak of the Powerful God (worn) {rN+ Int+3 Dex-5}
   (You found it in a Gauntlet)

   Int:       It affects your intelligence (+3).
   Dex:       It affects your dexterity (-5).
   rN:        It protects you from negative energy.
Jewellery
 b - a ring of willpower (right hand)
 e - a ring of positive energy (left hand)
 D - an amulet of the acrobat (around neck)
Wands
 a - a wand of flame (36)
 n - a wand of paralysis (9)
 y - a wand of polymorph (6)
Scrolls
 g - 4 scrolls of fear
 k - a scroll of silence
 t - 2 scrolls of poison
 u - 5 scrolls of teleportation
 w - a scroll of blinking {unknown}
Potions
 c - 4 potions of heal wounds
 d - 3 potions of enlightenment
 f - 3 potions of berserk rage
 j - 6 potions of might
 o - 2 potions of cancellation
 p - a potion of resistance
 q - a potion of invisibility
 r - a potion of magic
 s - 3 potions of haste
 v - 2 potions of mutation
 z - a potion of degeneration
 A - 2 potions of lignification
 B - 2 potions of curing
Miscellaneous
 F - a lightning rod (4/4)


   Skills:
 + Level 12.5 Fighting
 + Level 5.7(9.1) Axes
 - Level 11.1(11.6) Maces & Flails
 + Level 12.2 Armour
 - Level 2.1 Dodging
 + Level 5.2 Shields


You had 10 spell levels left.
You didn't know any spells.
Your spell library was empty.

Dungeon Overview and Level Annotations

Branches:
Dungeon (11/15)            Temple (0/1) D:5            Lair (1/5) D:8
Gauntlet (1/1)
    Orc: D:9-12

Altars:
Ashenzari
Cheibriados
Elyvilon
Fedhas
Okawaru
Qazlal
Ru
Sif Muna
Wu Jian

Shops:
D:7 ?   D:8 **

Annotations:
Gauntlet 9 transporters, exclusion: 2 lightning spires


Innate Abilities, Weirdness & Mutations

You have a pair of horns on your head.
You reflexively headbutt those who attack you in melee.


Message History

You see here a lightning rod (4/4).
F - a lightning rod (4/4)
The red ugly thing gurgles horribly!
s - 3 potions of haste (gained 1)
There is a transporter here.
You enter the transporter and appear at another place.
You open the door.
A minotaur comes into view.
It is wielding a +1 hand axe of pain and wearing the ring of Perfectionism {rC+ rCorr}.
The minotaur bellows!
Found a long sword.
Found a gate leading back out of this place.
There is an open door here.
You slash the minotaur! You burn the minotaur.
The minotaur is moderately wounded.
The minotaur hits you with a +1 hand axe of pain!
The minotaur gores you but does no damage.
The minotaur hits you with a +1 hand axe of pain!!
The minotaur gores you but does no damage.
You completely miss the minotaur.
The minotaur is moderately wounded.
The minotaur hits you with a +1 hand axe of pain!
The minotaur gores you.
You barely miss the minotaur.
The minotaur is moderately wounded.
The minotaur hits you with a +1 hand axe of pain!
* * * LOW HITPOINT WARNING * * *
The minotaur barely misses you.
You hit the minotaur but do no damage.
The minotaur is moderately wounded.
The minotaur hits you with a +1 hand axe of pain!
* * * LOW HITPOINT WARNING * * *
The minotaur gores you but does no damage.
You hit the minotaur. You burn the minotaur.
The minotaur is moderately wounded.
The minotaur hits you with a +1 hand axe of pain!
* * * LOW HITPOINT WARNING * * *
The minotaur barely misses you. The minotaur attacks as you move away!
The minotaur hits you with a +1 hand axe of pain!!
You die...

#≈8≈#..#..# ..#
##...#..#... #.#
...8.####..# #..
#.....©#.^# ..#
##.8.####.#.
#.##......#..#..|
#....##.8.#..####
######.##.##...#≈.....
#∩..H@.##....8.#∩.....
######....##...#§.....
#....##.##.8.#..####
#....##.##......#..#..#
..## #....##.8.####...
#....##.##.....©#...
#....##.##....8.####...
#### #....##...#..#.†^
#######§8≈#..#†##


You could see a minotaur.

Vanquished Creatures
  A boulder beetle (D:9)
  A hell hog (Gauntlet)
  A wizard (Gauntlet)
  An obsidian statue (Gauntlet)
  Pikel (D:5)
  Maggie (D:7)
  An unseen horror (D:10)
  A troll (D:10)
  Prince Ribbit (D:7)
  4 yaks (D:10)
  A shadow (D:9)
  2 wyverns
  4 fire bats (Gauntlet)
  Eustachio (D:5)
  3 steam dragons
  An acid dragon (D:9)
  Duvessa (D:7)
  A water moccasin (Lair:1)
  3 hell hounds (Gauntlet)
  2 orc warriors (D:9)
  3 ice beasts
  2 sky beasts (D:7)
  A black bear (D:5)
  An ogre (D:6)
  7 centaurs
  A lemure (D:5)
  2 kobold brigands
  6 bullfrogs
  2 gnoll sergeants
  5 wights (D:7)
  Dowan (D:7)
  9 killer bees
  2 howler monkeys
  3 hounds
  A jelly (D:4)
  9 orc priests
  A gnoll bouda (D:8)
  3 sleepcaps
  Crazy Yiuf (D:2)
  5 iguanas
  Terence (D:3)
  10 orc wizards
  Robin (D:3)
  8 gnolls
  7 adders
  A shadow imp (D:7)
  3 white imps
  An ufetubus (D:7)
  A worm (D:10)
  3 dart slugs
  29 orcs
  7 endoplasms
  4 giant cockroaches
  7 hobgoblins
  5 jackals (D:1)
  2 quokkas
  8 ball pythons
  4 bats
  4 frilled lizards
  12 goblins
  17 kobolds
  2 rats
234 creatures vanquished.

Vanquished Creatures (collateral kills)
  An orc priest (D:9)
  2 orcs (D:9)
3 creatures vanquished.

Grand Total: 237 creatures vanquished

Notes
Turn   | Place    | Note
-------+----------+-------------------------------------------
     0 | D:1      | peeeep the Minotaur Berserker began the quest for the Orb.
     0 | D:1      | Reached XP level 1. HP: 19/19 MP: 0/0
   390 | D:1      | Reached XP level 2. HP: 22/27 MP: 1/1
  1324 | D:2      | Reached XP level 3. HP: 33/33 MP: 2/2
  1789 | D:2      | Found a runed translucent door.
  1794 | D:2      | Noticed Crazy Yiuf
  1799 | D:2      | Killed Crazy Yiuf
  1799 | D:2      | Reached ** piety under Trog
  1806 | D:2      | Identified the +11 hammer of Entrepreneurial Spirit
                  | {protect, rElec rF+ Str+2}
  1870 | D:2      | Reached XP level 4. HP: 40/41 MP: 3/3
  1980 | D:3      | Noticed Terence
  1983 | D:3      | Killed Terence
  2237 | D:3      | Reached skill level 1 in Maces & Flails
  2253 | D:3      | Noticed Robin
  2279 | D:3      | Killed Robin
  2280 | D:3      | Reached skill level 5 in Fighting
  2451 | D:3      | Identified the +4 leather armour of Lefabu {rC- Int+3}
  2477 | D:3      | Reached XP level 5. HP: 48/48 MP: 4/4
  2929 | D:4      | Found a white marble altar of Elyvilon.
  3068 | D:4      | Reached *** piety under Trog
  3069 | D:4      | Reached XP level 6. HP: 52/56 MP: 5/5
  3102 | D:4      | Found a shimmering blue altar of Sif Muna.
  3360 | D:4      | Reached skill level 5 in Armour
  3616 | D:5      | Entered Level 5 of the Dungeon
  3631 | D:5      | Noticed Eustachio
  3656 | D:5      | Killed Eustachio
  3657 | D:5      | Reached XP level 7. HP: 47/64 MP: 6/6
  3748 | D:5      | Found a staircase to the Ecumenical Temple.
  3852 | D:5      | Identified the +6 sling "Osastaad" {flame, Drain rPois
                  | Str-4 SInv}
  3916 | D:5      | Reached skill level 5 in Maces & Flails
  3940 | D:5      | Noticed Pikel
  3962 | D:5      | Killed Pikel
  3963 | D:5      | Reached XP level 8. HP: 74/74 MP: 7/7
  4707 | D:6      | Identified the +8 war axe of Xucuny {pain, *Slow rC+ Str+2}
  5013 | D:7      | Reached XP level 9. HP: 79/83 MP: 8/8
  5052 | D:7      | Reached **** piety under Trog
  5138 | D:7      | Noticed Duvessa
  5138 | D:7      | Noticed Dowan
  5142 | D:7      | Killed Dowan
  5147 | D:7      | Killed Duvessa
  5184 | D:7      | Found Eghuff's Magic Scroll Shop.
  5201 | D:7      | Found a blossoming altar of Fedhas.
  5590 | D:7      | Noticed Maggie
  5599 | D:7      | Killed Maggie
  5600 | D:7      | Reached skill level 10 in Fighting
  5885 | D:8      | Noticed Prince Ribbit
  5902 | D:7      | Killed Prince Ribbit
  5950 | D:8      | Found an iron altar of Okawaru.
  5951 | D:8      | Found a sacrificial altar of Ru.
  5954 | D:8      | Found a broken altar of Ashenzari.
  5959 | D:8      | Found a stormy altar of Qazlal.
  6001 | D:8      | Found Keofotoe's General Store.
  6009 | D:8      | Reached skill level 10 in Armour
  6017 | D:8      | Found Garalluucw's Specific Store.
  6165 | D:8      | Reached XP level 10. HP: 94/94 MP: 9/9
  6251 | D:8      | Found a staircase to the Lair.
  6282 | D:8      | Found an ornate altar of the Wu Jian Council.
  6591 | D:9      | Noticed a boulder beetle
  6647 | D:9      | Killed a boulder beetle
  6648 | D:9      | Reached skill level 10 in Maces & Flails
  7137 | D:9      | Reached skill level 1 in Shields
  7571 | D:10     | Entered Level 10 of the Dungeon
  8021 | D:10     | Found a snail-covered altar of Cheibriados.
  8083 | D:10     | Reached XP level 11. HP: 88/104 MP: 10/10
  8187 | D:10     | Identified the +11 war axe "Haklyp" {flame, rPois rF+ rN+}
  8490 | Lair:1   | Entered Level 1 of the Lair of Beasts
  8596 | Lair:1   | Found a gate leading to a gauntlet.
  8605 | Gauntlet | Entered a Gauntlet
  8605 | Gauntlet | Found a transporter.
  8605 | Gauntlet | Found a transporter.
  8609 | Gauntlet | Found a transporter.
  8609 | Gauntlet | Found a transporter.
  8617 | Gauntlet | Found a transporter.
  8628 | Gauntlet | Noticed a great orb of eyes
  8637 | Gauntlet | Noticed a red ugly thing
  8639 | Gauntlet | Found a transporter.
  8639 | Gauntlet | Noticed a wizard
  8642 | Gauntlet | Noticed a purple ugly thing
  8658 | Gauntlet | Found a transporter.
  8666 | Gauntlet | Noticed a hell hog
  8668 | Gauntlet | Found a transporter.
  8668 | Gauntlet | Found a transporter.
  8671 | Gauntlet | Found a transporter.
  8689 | Gauntlet | Found a transporter.
  8710 | Gauntlet | Found a transporter.
  8714 | Gauntlet | Noticed a death yak
  8833 | Gauntlet | Found a transporter.
  8843 | Gauntlet | Noticed a necromancer
  8891 | Gauntlet | Found a transporter.
  8907 | Gauntlet | Found a transporter.
  8907 | Gauntlet | Noticed an obsidian statue
  9016 | Gauntlet | Killed a wizard
  9198 | Gauntlet | Killed an obsidian statue
  9199 | Gauntlet | Reached skill level 5 in Axes
  9208 | Gauntlet | Identified the +5 cloak of the Powerful God {rN+ Int+3
                  | Dex-5}
  9281 | Gauntlet | Killed a hell hog
  9282 | Gauntlet | Reached skill level 5 in Shields
  9292 | Gauntlet | Identified the +1 cloak "Isomodad" {*Slow rC+ Stlth+}
  9330 | Gauntlet | Found the +6 lightning scales {swift, rElec}
  9330 | Gauntlet | Identified the ring of Perfectionism {rC+ rCorr}
  9330 | Gauntlet | Noticed a minotaur
  9337 | Gauntlet | Mangled by a minotaur

Illustrated notes

Levels and vault maps discovered:
D:1:      scummos_arrival_forest, layout_basic, nicolae_hexahallways,
          minmay_misc_feat_ornament, minivault_5
D:2:      cheibrodos_old_hovel, layout_basic, serial_bayou_lagoon_a,
          uniq_crazy_yiuf_cottage
D:3:      layout_basic, uniq_robin, uniq_terence
D:4:      layout_gridville, nicolae_elyvilon_peaceful_grove,
          nicolae_sif_muna_condensation, kennysheep_generic_room_11
D:5:      layout_basic, temple_hall, minivault_19, uniq_eustachio, uniq_pikel
D:6:      layout_basic, kennysheep_generic_room_16
D:7:      layout_loops_ring, kennysheep_little_box, minmay_statues_item,
          kennysheep_windowed_goal, uniq_duvessa, uniq_maggie
D:8:      layout_rooms, nicolae_overflow_macrodata_refinement,
          pdpol_wu_jian_five_deadly_venoms, lair_entry_dummy,
          nicolae_specific_store, uniq_prince_ribbit1
D:9:      layout_roguey
D:10:     layout_rooms, cheibrodos_worm_habitat
D:11:     layout_grid_maze
Lair:1:   layout_roguey, gauntlet_entry_generic, beast_lair_carwin_10,
          uniq_harold
Gauntlet: gammafunk_gauntlet_branching [gammafunk_gauntlet_arena_mazey,
          gammafunk_gauntlet_arena_grid, nicolae_gauntlet_arena_grate_2,
          nicolae_gauntlet_arena_x, gammafunk_gauntlet_arena_split_x,
          gammafunk_gauntlet_arena_chambers, nicolae_gauntlet_swirl,
          nicolae_gauntlet_arena_blocks, gauntlet_exit_green]

Skill      XL: |  1  2  3  4  5  6  7  8  9 10 11 |
---------------+----------------------------------+-----
Fighting       | 4 5 6 8 9 10 12 | 12.5
Axes           | 4 5 |  5.7
Armour         | 3 4 5 7 8 10 11 12 | 12.2
Maces & Flails | 1 2 4 6 7 9 11 | 11.1
Shields        | 3 5 |  5.2
Dodging        | |  2.1

Action                     |  1- 3 |  4- 6 |  7- 9 | 10-12 || total
---------------------------+-------+-------+-------+-------++-------
  Melee: Hand axe          |    57 |       |       |       ||    57
         Headbutt          |     6 |    10 |    26 |    41 ||    83
         Mace              |     2 |   102 |   177 |   173 ||   454
         Punch             |       |     1 |     1 |     1 ||     3
         War axe           |       |       |       |    36 ||    36
 Invoke: Trog's Hand       |       |     1 |       |     2 ||     3
         Berserk           |       |       |     1 |     1 ||     2
         Brothers in Arms  |       |       |       |     4 ||     4
    Use: Scroll            |       |     6 |    12 |     3 ||    21
         Potion            |       |       |       |     1 ||     1
 Armour: Leather armour    |     8 |       |       |       ||     8
         Animal skin       |     1 |       |       |       ||     1
         Ring mail         |    12 |       |       |       ||    12
         Chain mail        |       |    49 |   121 |   187 ||   357
  Dodge: Dodged            |    38 |    40 |    86 |   124 ||   288
  Block: Kite shield       |       |       |       |    64 ||    64

Table legend: (Time is in decaauts)
 A = Elapsed time spent in this place.
 B = Non-inter-level travel time spent in this place.
 C = Inter-level travel time spent in this place.
 D = Time resting spent in this place.
 E = Time spent auto-exploring this place.
 F = Levels seen in this place.
 G = Mean time per level.
                   A        B        C        D        E       F      G
               +--------+--------+--------+--------+--------+-----+--------+
         Total |   9397 |   8963 |    434 |   1211 |   4795 |  13 |  722.8 |
       Dungeon |   8533 |   8099 |    434 |   1111 |   4795 |  11 |  775.7 |
          Lair |    116 |    116 |      0 |      0 |      0 |   1 |  116.0 |
      Gauntlet |    748 |    748 |      0 |    100 |      0 |   1 |  748.0 |
               +--------+--------+--------+--------+--------+-----+--------+

Top non-repeatable levels by time:
     D:1: 1080 daAuts
     D:9: 1070 daAuts
     D:2: 1035 daAuts
     D:7: 940 daAuts
     D:5: 920 daAuts
    D:10: 894 daAuts
     D:4: 873 daAuts
Gauntlet: 748 daAuts
     D:3: 661 daAuts
     D:8: 592 daAuts
     D:6: 463 daAuts
  Lair:1: 116 daAuts
    D:11: 1 daAuts
